MID
SOUTH BEND CUBS @ DAYTON DRAGONS
08/05/2045
 
TOP OF THE 1ST
South Bend Cubs batting - Pitching for Dayton Dragons : RHP Matt Johnson
Pitching: RHP Matt Johnson
Batting: RHB Brian Gargis 0-0: Called Strike
0-1: Foul Ball, location: 2F
0-2: Ball
1-2: Ball
2-2: Ball
3-2: Foul Ball, location: 2F
3-2: Foul Ball, location: 2F
3-2: Ground out 4-3 (Groundball, 4, EV 108.8 MPH)
Batting: RHB Sam Sours 0-0: Called Strike
0-1: SINGLE (Groundball, 6MD, EV 97.5 MPH)
Batting: RHB Mike Savage 0-0: Called Strike
0-1: Ball
1-1: Foul Ball, location: 2F
1-2: Foul Ball, location: 2F
1-2: Foul Ball, location: 2F
1-2: Ball
2-2: Grounds into double play, 4-6-3 (Groundball, 4S, EV 88.8 MPH)
Top of the 1st over - 0 runs, 1 hit, 0 errors, 0 left on base; South Bend 0 - Dayton 0
BOTTOM OF THE 1ST
Dayton Dragons batting - Pitching for South Bend Cubs : RHP Josh Deyo
Pitching: RHP Josh Deyo
Batting: LHB Fernando Gomez 0-0: Swinging Strike
0-1: Swinging Strike
0-2: Strikes out swinging
Batting: LHB David Moore 0-0: Called Strike
0-1: Foul Ball, location: 2F
0-2: Ball
1-2: Fly out, F7 (Line Drive, 7, EV 85.0 MPH)
Batting: LHB Matthew Berry 0-0: Foul Ball, location: 2F
0-1: Ball
1-1: Called Strike
1-2: Ball
2-2: Ball
3-2: Ground out 4-3 (Groundball, 4, EV 105.6 MPH)
Bottom of the 1st over - 0 runs, 0 hits, 0 errors, 0 left on base; South Bend 0 - Dayton 0
TOP OF THE 2ND
South Bend Cubs batting - Pitching for Dayton Dragons : RHP Matt Johnson
Batting: RHB Ryan Walker 0-0: Called Strike
0-1: Called Strike
0-2: Strikes out swinging, 2-3 out at first.
Batting: RHB Jonathan Sotelo 0-0: SINGLE (Groundball, 6, EV 95.6 MPH)
Batting: LHB Kwang-chih Men 0-0: Called Strike
0-1: Fly out, F7 (Flyball, 7, EV 75.6 MPH)
Batting: LHB Mark Huey 0-0: Ball
1-0: Ball
2-0: Called Strike
2-1: Foul Ball, location: 2F
2-2: Strikes out swinging
Top of the 2nd over - 0 runs, 1 hit, 0 errors, 1 left on base; South Bend 0 - Dayton 0
BOTTOM OF THE 2ND
Dayton Dragons batting - Pitching for South Bend Cubs : RHP Josh Deyo
Batting: LHB Brian Dickeson 0-0: Called Strike
0-1: Foul Ball, location: 2F
0-2: Reached on error, E3 (Groundball, 3, EV 83.8 MPH)
Batting: RHB David Clough 0-0: Ball
1-0: Foul Ball, location: 2F
1-1: Ball
2-1: Foul Ball, location: 2F
2-2: Ball
3-2: Strikes out swinging
Batting: SHB Bryan Johnston 0-0: Ball
1-0: Ball
2-0: Ball
3-0: Called Strike
3-1: Swinging Strike
3-2: Fielders Choice at 2nd, 4-6 (Groundball, 4, EV 110.0 MPH)
Pitching: RHP Jose Ramirez
Batting: RHB Mark Williams 0-0: Ball
1-0: Ball
2-0: Ball
3-0: Base on Balls
Bryan Johnston to second
Batting: RHB Kevin Larsen 0-0: Fly out, F9 (Line Drive, 9, EV 93.1 MPH)
Bottom of the 2nd over - 0 runs, 0 hits, 1 error, 2 left on base; South Bend 0 - Dayton 0
TOP OF THE 3RD
South Bend Cubs batting - Pitching for Dayton Dragons : RHP Matt Johnson
Batting: RHB Denis Rachin 0-0: Ball
1-0: Called Strike
1-1: Called Strike
1-2: Ball
2-2: Foul Ball, location: 2F
2-2: Ground out 4-3 (Groundball, 13, EV 86.9 MPH)
Batting: SHB Benoît Morin 0-0: Called Strike
0-1: Ball
1-1: Ball
2-1: SOLO HOME RUN (Flyball, 7D, EV 98.1 MPH), Distance : 355 ft
Batting: RHB Brian Gargis 0-0: Ball
1-0: Ball
2-0: Ground out 6-3 (Groundball, 4MS, EV 88.1 MPH)
Batting: RHB Sam Sours 0-0: Foul Ball, location: 2F
0-1: Ball
1-1: Ball
2-1: Fly out, F9 (Flyball, 9LM, EV 88.1 MPH)
Top of the 3rd over - 1 run, 1 hit, 0 errors, 0 left on base; South Bend 1 - Dayton 0
BOTTOM OF THE 3RD
Dayton Dragons batting - Pitching for South Bend Cubs : RHP Jose Ramirez
Pinch Hitting: LHB Andrew Hamm 0-0: Called Strike
0-1: Ball
1-1: Ball
2-1: Called Strike
2-2: SINGLE (Line Drive, 3D, EV 96.9 MPH)
Batting: LHB Fernando Gomez 0-0: Called Strike
0-1: Ball
1-1: Called Strike
1-2: Strikes out swinging
Batting: LHB David Moore 0-0: Swinging Strike
0-1: Ball
1-1: Foul Ball, location: 2F
1-2: Ball
2-2: Strikes out looking
Pitching: RHP Jose Marrero
Batting: LHB Matthew Berry 0-0: Called Strike
0-1: Foul Ball, location: 2F
0-2: Ground out U3 (Groundball, 3, EV 108.1 MPH)
Bottom of the 3rd over - 0 runs, 1 hit, 0 errors, 1 left on base; South Bend 1 - Dayton 0
TOP OF THE 4TH
South Bend Cubs batting - Pitching for Dayton Dragons : RHP Matt Johnson
Now at 3B: Fernando Gomez
Now at SS: Nick Nino
Batting: RHB Mike Savage 0-0: Called Strike
0-1: Fly out, F4 (Flyball, 34D, EV 78.1 MPH)
Batting: RHB Ryan Walker 0-0: DOUBLE (Flyball, 89D, EV 99.4 MPH)
Batting: RHB Jonathan Sotelo 0-0: Called Strike
0-1: Ball
1-1: Foul Ball, location: 2F
1-2: Strikes out swinging
Batting: LHB Kwang-chih Men 0-0: Ball
1-0: Fly out, F8 (Flyball, 78M, EV 96.9 MPH)
Top of the 4th over - 0 runs, 1 hit, 0 errors, 1 left on base; South Bend 1 - Dayton 0
BOTTOM OF THE 4TH
Dayton Dragons batting - Pitching for South Bend Cubs : RHP Jose Marrero
Batting: LHB Brian Dickeson 0-0: Called Strike
0-1: Ball
1-1: Ball
2-1: Fly out, F8 (Flyball, 8RM, EV 76.9 MPH)
Batting: RHB David Clough 0-0: Ball
1-0: Called Strike
1-1: Called Strike
1-2: Ball
2-2: Strikes out swinging
Batting: SHB Bryan Johnston 0-0: Ground out U3 (Groundball, 3, EV 90.0 MPH)
Bottom of the 4th over - 0 runs, 0 hits, 0 errors, 0 left on base; South Bend 1 - Dayton 0
TOP OF THE 5TH
South Bend Cubs batting - Pitching for Dayton Dragons : RHP Matt Johnson
Batting: LHB Mark Huey 0-0: Called Strike
0-1: Swinging Strike
0-2: Ball
1-2: Strikes out looking
Batting: RHB Denis Rachin 0-0: Ball
1-0: Foul Ball, location: 2F
1-1: Fly out, F7 (Flyball, 7S, EV 92.5 MPH)
Batting: SHB Benoît Morin 0-0: Ball
1-0: Swinging Strike
1-1: Ground out U3 (Groundball, 3, EV 82.5 MPH)
Top of the 5th over - 0 runs, 0 hits, 0 errors, 0 left on base; South Bend 1 - Dayton 0
BOTTOM OF THE 5TH
Dayton Dragons batting - Pitching for South Bend Cubs : RHP Jose Marrero
Batting: RHB Mark Williams 0-0: Ball
1-0: Foul Ball, location: 2F
1-1: Ball
2-1: Fly out, F6 (Flyball, 6D, EV 84.4 MPH)
Batting: RHB Kevin Larsen 0-0: Called Strike
0-1: Fly out, F2 (Popup, 23F, EV 93.8 MPH)
Pitching: RHP Arnaldo Cardamenho
Batting: LHB Nick Nino 0-0: Called Strike
0-1: Hit by Pitch
Batting: LHB Fernando Gomez 0-0: Called Strike
0-1: Ball
1-1: Ball
2-1: Ball
3-1: Swinging Strike
3-2: Ground out 6-3 (Groundball, 6, EV 80.0 MPH)
Bottom of the 5th over - 0 runs, 0 hits, 0 errors, 1 left on base; South Bend 1 - Dayton 0
TOP OF THE 6TH
South Bend Cubs batting - Pitching for Dayton Dragons : RHP Matt Johnson
Batting: RHB Brian Gargis 0-0: Ball
1-0: Foul Ball, location: 2F
1-1: Called Strike
1-2: Foul Ball, location: 2F
1-2: Strikes out swinging
Batting: RHB Sam Sours 0-0: Ball
1-0: Called Strike
1-1: Ball
2-1: Ball
3-1: Swinging Strike
3-2: SOLO HOME RUN (Flyball, 7LD, EV 95.6 MPH), Distance : 336 ft
Batting: RHB Mike Savage 0-0: Fly out, F7 (Flyball, 7, EV 79.4 MPH)
Batting: RHB Ryan Walker 0-0: Ball
1-0: Foul Ball, location: 2F
1-1: Ball
2-1: Ball
3-1: Foul Ball, location: 2F
3-2: Base on Balls
Batting: RHB Jonathan Sotelo 0-0: Called Strike
0-1: Ball
Wild Pitch!
Ryan Walker to second
1-1: Ball
2-1: Foul Ball, location: 2F
2-2: Foul Ball, location: 2F
2-2: Ground out 6-3 (Groundball, 6, EV 103.1 MPH)
Top of the 6th over - 1 run, 1 hit, 0 errors, 1 left on base; South Bend 2 - Dayton 0
BOTTOM OF THE 6TH
Dayton Dragons batting - Pitching for South Bend Cubs : RHP Arnaldo Cardamenho
Batting: LHB David Moore 0-0: DOUBLE (Flyball, 8LXD, EV 90.6 MPH)
Batting: LHB Matthew Berry 0-0: Called Strike
0-1: DOUBLE (Line Drive, 8RXD, EV 106.2 MPH)
David Moore scores
Batting: LHB Brian Dickeson 0-0: Called Strike
0-1: Called Strike
0-2: Ball
1-2: Foul Ball, location: 2F
1-2: Strikes out swinging
Batting: RHB David Clough 0-0: Ball
1-0: Called Strike
1-1: 2-RUN HOME RUN (Flyball, 78XD, EV 108.1 MPH), Distance : 413 ft
Pitching: LHP Jesse Fields
Batting: SHB Bryan Johnston 0-0: Called Strike
0-1: Called Strike
0-2: Foul Ball, location: 2F
0-2: Ball
1-2: SINGLE (Line Drive, 4D, EV 110.6 MPH)
Batting: RHB Mark Williams 0-0: Called Strike
0-1: Ball
1-1: Called Strike
1-2: Ball
2-2: Ball
3-2: SINGLE (Line Drive, 4D, EV 97.5 MPH)
Bryan Johnston to second
Runner from 2nd tries for 3rd, SAFE, no throw by CF
Batting: RHB Kevin Larsen 0-0: Ball
1-0: Ball
2-0: Called Strike
2-1: Foul Ball, location: 2F
2-2: Ball
3-2: Fielders Choice at 2nd, 4-6 (Groundball, 4M, EV 102.5 MPH)
Bryan Johnston scores
Batting: LHB Nick Nino 0-0: Ball
1-0: Called Strike
Kevin Larsen steals 2nd base
1-1: Swinging Strike
1-2: Ground out 4-3 (Groundball, 34, EV 78.8 MPH)
Bottom of the 6th over - 4 runs, 5 hits, 0 errors, 1 left on base; South Bend 2 - Dayton 4
TOP OF THE 7TH
South Bend Cubs batting - Pitching for Dayton Dragons : RHP Matt Johnson
Batting: LHB Kwang-chih Men 0-0: Swinging Strike
0-1: Ball
1-1: Fly out, F7 (Line Drive, 7, EV 86.2 MPH)
Batting: LHB Mark Huey 0-0: Called Strike
0-1: Ball
1-1: Ball
2-1: Foul Ball, location: 2F
2-2: Ball
3-2: Strikes out swinging
Batting: RHB Denis Rachin 0-0: Fly out, F9 (Flyball, 89S, EV 83.1 MPH)
Top of the 7th over - 0 runs, 0 hits, 0 errors, 0 left on base; South Bend 2 - Dayton 4
BOTTOM OF THE 7TH
Dayton Dragons batting - Pitching for South Bend Cubs : LHP Jesse Fields
Pitching: LHP Colin Scott
Batting: LHB Fernando Gomez 0-0: Called Strike
0-1: Ball
1-1: Reached on error, E6 (Groundball, 6M, EV 88.8 MPH)
Batting: LHB David Moore 0-0: Bunt missed!
0-1: Called Strike
0-2: Foul Ball, location: 2F
0-2: Ball
1-2: Strikes out looking
Fernando Gomez steals 2nd base (no throw)
Batter strikes out.
Batting: LHB Matthew Berry 0-0: Ball
1-0: Called Strike
1-1: Ground out 5-3 (Groundball, 56S, EV 63.1 MPH)
Fernando Gomez to third
Batting: LHB Brian Dickeson 0-0: Called Strike
0-1: Ball
1-1: Ball
2-1: Ball
3-1: DOUBLE (Flyball, 78XD, EV 95.6 MPH)
Fernando Gomez scores
Batting: RHB David Clough 0-0: Ball
1-0: Swinging Strike
1-1: Foul Ball, location: 2F
1-2: SINGLE (Groundball, 34D, EV 105.0 MPH)
Brian Dickeson to third
Runner from 3rd tries for Home, SAFE, throw by RF to home
Pitching: RHP Gavrel Godziashvili
Batting: SHB Bryan Johnston 0-0: Called Strike
0-1: Ball
1-1: Hit by Pitch
David Clough to second
Batting: RHB Mark Williams 0-0: Called Strike
0-1: Ball
1-1: Ball
2-1: SINGLE (Groundball, 6MD, EV 111.2 MPH)
David Clough to third
Bryan Johnston to second
Runner from 3rd tries for Home, SAFE, throw by CF to home
Batting: RHB Kevin Larsen 0-0: Ball
1-0: Ground out 4-3 (Groundball, 4S, EV 66.2 MPH)
Bottom of the 7th over - 3 runs, 3 hits, 1 error, 2 left on base; South Bend 2 - Dayton 7
TOP OF THE 8TH
South Bend Cubs batting - Pitching for Dayton Dragons : RHP Matt Johnson
Batting: SHB Benoît Morin 0-0: Called Strike
0-1: Ball
1-1: Ball
2-1: SOLO HOME RUN (Line Drive, 9LD, EV 96.9 MPH), Distance : 351 ft
Pitching: RHP Markus Bevan
Batting: RHB Brian Gargis 0-0: Ball
1-0: Ball
2-0: Swinging Strike
2-1: SINGLE (Groundball, 4MD, EV 105.6 MPH)
Batting: RHB Sam Sours 0-0: Called Strike
0-1: Ball
1-1: Ball
2-1: Foul Ball, location: 2F
2-2: Grounds into double play, 6-4-3 (Groundball, 6, EV 98.8 MPH)
Batting: RHB Mike Savage 0-0: Called Strike
0-1: Called Strike
0-2: Reached on error, E3 (Line Drive, 3, EV 64.4 MPH)
Batting: RHB Ryan Walker 0-0: Called Strike
0-1: Ball
1-1: Ground out U3 (Groundball, 34S, EV 83.1 MPH)
Top of the 8th over - 1 run, 2 hits, 1 error, 1 left on base; South Bend 3 - Dayton 7
BOTTOM OF THE 8TH
Dayton Dragons batting - Pitching for South Bend Cubs : RHP Gavrel Godziashvili
Batting: LHB Nick Nino 0-0: Ground out 4-3 (Groundball, 4, EV 82.5 MPH)
Batting: LHB Fernando Gomez 0-0: Ball
1-0: Ball
2-0: Ball
3-0: Base on Balls
Batting: LHB David Moore 0-0: Ball
Fernando Gomez steals 2nd base (no throw)
1-0: Ball
2-0: Called Strike
2-1: Ball
3-1: Base on Balls
Pitching: RHP Miles Edwards
Batting: LHB Matthew Berry 0-0: Called Strike
David Moore is caught stealing 2nd base 2-6
Fernando Gomez steals 3rd base
0-1: Ball
1-1: Swinging Strike
1-2: Ground out U3 (Groundball, 3, EV 85.6 MPH)
Bottom of the 8th over - 0 runs, 0 hits, 0 errors, 1 left on base; South Bend 3 - Dayton 7
TOP OF THE 9TH
South Bend Cubs batting - Pitching for Dayton Dragons : RHP Markus Bevan
Pitching: RHP Joe Green
Batting: RHB Jonathan Sotelo 0-0: Called Strike
0-1: Fly out, F3 (Line Drive, 3, EV 73.1 MPH)
Batting: LHB Kwang-chih Men 0-0: Ball
1-0: Ground out U3 (Groundball, 34, EV 81.2 MPH)
Batting: LHB Mark Huey 0-0: Called Strike
0-1: Ball
1-1: Ground out 3-1 (Groundball, 34S, EV 87.5 MPH)
Top of the 9th over - 0 runs, 0 hits, 0 errors, 0 left on base; South Bend 3 - Dayton 7
Wednesday, June 22nd , 2022 - OOTP Baseball 23.4 Build 64